 Dungeon Sprint DCSS version 0.19-a0-459-gb8ed64d (webtiles) character file.

13 Kidiri the Firebug (level 2, -6/15 HPs)
             Began as a Gargoyle Fire Elementalist on June 2, 2016.
             Was an Initiate of Vehumet.
             Mangled by an ogre
             ... wielding a +0 giant club
              (21 damage)
             ... in the Dungeon (Sprint IX: "|||||||||||||||||||||||||||||").
             The game lasted 00:02:40 (231 turns).

Kidiri the Firebug (Gargoyle Fire Elementalist)      Turns: 231, Time: 00:02:41

Health: -6/15      AC:  6    Str: 11    XL:     2   Next: 37%
Magic:  3/6        EV: 12    Int: 15    God:    Vehumet [......]
Gold:   0          SH:  0    Dex: 10    Spells: 2 memorised, 4 levels left

rFire  . . .     SeeInvis .     h - +0 club
rCold  . . .     Gourm    .     a - +0 robe
rNeg   + . .     Faith    .     (no shield)
rPois  ∞         Spirit   .     (no helmet)
rElec  +         Dismiss  .     (no cloak)
rCorr  .         Reflect  .     (no gloves)
SustAt .         Harm     .     (no boots)
MR     .....     NoTele   +     (no amulet)
Stlth  ++........               (no ring)
                                d - +2 ring of protection

@: very slightly contaminated, not resistant to hostile enchantments, unstealthy
A: negative energy resistance 1, electricity resistance, unbreathing,
petrification resistance, rot immunity, AC +2
a: Renounce Religion


You were in the Dungeon.
You worshipped Vehumet.
Vehumet was noncommittal.
You were not hungry.

You visited 1 branch

Inventory:

Hand Weapons
 h - a +0 club (weapon)
Armour
 a - a +0 robe (worn)
Jewellery
 d - a +2 ring of protection (left hand)
Potions
 g - 2 potions of magic
Books
 b - a book of Flames

   Spells                             Type                      Level
   a - Flame Tongue                   Conjuration/Fire             1
   b - Throw Flame                    Conjuration/Fire             2
   c - Conjure Flame                  Conjuration/Fire             3
   d - Inner Flame                    Hexes/Fire                   3
   e - Sticky Flame                   Conjuration/Fire             4
   f - Fireball                       Conjuration/Fire             5
Comestibles
 c - a bread ration
 j - 3 chunks of flesh


   Skills:
 - Level 1.5 Dodging
 - Level 2.1 Stealth
 * Level 3.2 Spellcasting
 * Level 3.1 Conjurations
 * Level 3.8 Fire Magic


You had 4 spell levels left.
You knew the following spells:

 Your Spells              Type           Power        Failure   Level  Hunger
a - Flame Tongue          Conj/Fire      ##...        6%          1    #......
b - Throw Flame           Conj/Fire      ##....       10%         2    ##.....


Dungeon Overview and Level Annotations

Branches:
Dungeon (1/1)

Altars:
Cheibriados
Dithmenos
Elyvilon
Fedhas
Gozag
Hepliaklqana
Kikubaaqudgha
Makhleb
Nemelex Xobeh
Okawaru
Pakellas
Qazlal
Ru
Sif Muna
Trog
Uskayaw
Vehumet
Xom
Yredelemnul
Zin
The Shining One
Beogh
Jiyva
Lugonu


Innate Abilities, Weirdness & Mutations

You are resistant to torment.
Your stone body is resilient. (AC +2)
You are immune to poison.
You resist negative energy. (rN+)
You are resistant to electric shocks. (rElec)
You can survive without breathing.
You are immune to petrification.
You are immune to rotting.


Message History

d - a +2 ring of protection (left hand)
The ogre barely misses you.
Casting: Flame Tongue
Confirm with . or Enter, or press ? or * to list all spells.
Aiming: Flame Tongue
Press: ? - help, Shift-Dir - straight line, f - ogre
Aim: an ogre, wielding a giant club The flame tongue hits the ogre.
The ogre appears unharmed.
A sky beast appears from thin air!
Reactivating autopickup.
Casting: Flame Tongue
Confirm with . or Enter, or press ? or * to list all spells.
Aiming: Flame Tongue
Press: ? - help, Shift-Dir - straight line, f/p - ogre
Aim: an ogre, wielding a giant club The flame tongue hits the ogre.
The ogre is lightly wounded.
The ogre hits you with a giant club!!
Ouch! That really hurt!
You die...

▓!▓
▓?▓
▓5▓
▓)▓
▓[▓
▓Y▓
▓Y▓
▓O▓
▓@▓
▓+▓


You could see an ice beast, a sky beast, an ogre and a crimson imp.

Vanquished Creatures
  An adder (D)
  A hobgoblin (D)
  2 bats (D)
  A giant newt (D)
  A kobold (D)
6 creatures vanquished.

Notes
Turn   | Place    | Note
--------------------------------------------------------------
     0 | D        | Kidiri the Gargoyle Fire Elementalist began the quest for the Orb.
     0 | D        | Reached XP level 1. HP: 10/10 MP: 3/3
   129 | D        | Noticed an ice beast
   129 | D        | Noticed a crimson imp
   129 | D        | Noticed a sky beast
   129 | D        | Noticed an ogre
   156 | D        | Reached XP level 2. HP: 13/15 MP: 3/6
   185 | D        | Found a glowing silver altar of Zin.
   185 | D        | Found a glowing golden altar of the Shining One.
   185 | D        | Found an ancient bone altar of Kikubaaqudgha.
   185 | D        | Found a basalt altar of Yredelemnul.
   185 | D        | Found a shimmering altar of Xom.
   185 | D        | Found a radiant altar of Vehumet.
   186 | D        | Found an iron altar of Okawaru.
   187 | D        | Found a burning altar of Makhleb.
   189 | D        | Found a deep blue altar of Sif Muna.
   190 | D        | Found a bloodstained altar of Trog.
   191 | D        | Found a sparkling altar of Nemelex Xobeh.
   192 | D        | Found a white marble altar of Elyvilon.
   193 | D        | Found a roughly hewn altar of Beogh.
   194 | D        | Became a worshipper of Vehumet
   195 | D        | Found a viscous altar of Jiyva.
   196 | D        | Found a corrupted altar of Lugonu.
   197 | D        | Found a blossoming altar of Fedhas.
   198 | D        | Found a snail-covered altar of Cheibriados.
   199 | D        | Found a shadowy altar of Dithmenos.
   200 | D        | Found a stormy altar of Qazlal.
   201 | D        | Found an opulent altar of Gozag.
   202 | D        | Found a sacrificial altar of Ru.
   203 | D        | Found an oddly glowing altar of Pakellas.
   204 | D        | Found a hide-covered altar of Uskayaw.
   205 | D        | Found a hazy altar of Hepliaklqana.
   220 | D        | Learned a level 2 spell: Throw Flame
   231 | D        | Mangled by an ogre

Vault maps used:
D:        linesprint

Skill      XL: |  1 |
---------------+----+-----
Conjurations   | 3 |  3.1
Spellcasting   | 3 |  3.2
Dodging        | |  1.5
Stealth        | |  2.1
Fire Magic     | |  3.8

Action                   || total
-------------------------++-------
Melee: Club              ||    19
       Unarmed           ||     2
 Cast: Flame Tongue      ||    13
  Use: Potion            ||     4
       Scroll            ||     1
Armor: Robe              ||     6
Dodge: Dodged            ||    15
